 Dungeon Crawl Stone Soup version 0.20-a0-19-gd4fea00 (webtiles) character file.

74 JeffiDaFish the Covered (level 4, 0/28 HPs)
             Began as a Gargoyle Fighter on Nov 6, 2016.
             Slain by a scorpion (5 damage)
             ... on level 3 of the Dungeon.
             The game lasted 00:04:40 (1473 turns).

JeffiDaFish the Covered (Gargoyle Fighter)          Turns: 1473, Time: 00:04:41

Health: 0/28       AC: 10    Str: 19 (20) XL:     4   Next: 28%
Magic:  4/4        EV:  7    Int:  7 (9)  God:
Gold:   102        SH:  8    Dex:  6 (9)  Spells: 0 memorised, 3 levels left

rFire  . . .     SeeInvis .     a - +0 rapier
rCold  . . .     Gourm    .     b - +0 scale mail
rNeg   + . .     Faith    .     c - +0 shield
rPois  ∞         Spirit   .     (no helmet)
rElec  +         Reflect  .     (no cloak)
rCorr  .         Harm     .     (no gloves)
MR     .....     Rnd*Tele +     (no boots)
Stlth  ..........               (no amulet)
                                (no ring)
                                i - ring of teleportation (curse)

@: very slightly contaminated
A: negative energy resistance 1, electricity resistance, unbreathing,
petrification resistance, rot immunity, AC +3
a: no special abilities


You were on level 3 of the Dungeon.
You were not hungry.

You visited 1 branch of the dungeon, and saw 3 of its levels.

You collected 102 gold pieces.

Inventory:

Hand Weapons
 a - a +0 rapier (weapon)
Armour
 b - a +0 scale mail (worn)
 c - a +0 shield (worn)
Jewellery
 i - a cursed ring of teleportation (left hand)
Scrolls
 k - a scroll of teleportation
Potions
 d - 2 potions of might
 e - a potion of heal wounds
Comestibles
 f - 4 bread rations
 g - a slice of pizza
 h - 15 chunks of flesh


   Skills:
 + Level 3.5 Fighting
 + Level 2.6 Short Blades
 + Level 4.0 Armour
 + Level 0.5 Dodging
 + Level 3.9 Shields


You had 3 spell levels left.
You didn't know any spells.

Dungeon Overview and Level Annotations

Branches:
Dungeon (3/15)

Altars:
Elyvilon


Innate Abilities, Weirdness & Mutations

You are resistant to torment.
Your stone body is resilient. (AC +3)
You are immune to poison.
You resist negative energy. (rN+)
You are resistant to electric shocks. (rElec)
You can survive without breathing.
You are immune to petrification.
You are immune to rotting.


Message History

The rat barely misses you.
The scorpion stings you but does no damage.
You hit the scorpion but do no damage.
The scorpion is lightly wounded.
The rat bites you but does no damage. The scorpion completely misses you.
You closely miss the scorpion.
The scorpion is lightly wounded.
The rat bites you but does no damage. You block the scorpion's attack.
You hit the scorpion but do no damage.
The scorpion is lightly wounded.
The rat bites you but does no damage. You block the scorpion's attack.
You closely miss the scorpion.
The scorpion is lightly wounded.
The rat bites you but does no damage. The scorpion stings you.
You closely miss the scorpion.
The scorpion is lightly wounded.
The rat barely misses you. The scorpion stings you.
* * * LOW HITPOINT WARNING * * *
The scorpion stings you.
You die...

#....#####....##.##
#...##+#.(.#+##.....#
#..## #...# ###...# #.
#..(# ##..# #. #...#
+..# #... #...# ##..#
.....# #(÷.# ###÷..#
......####...####...###
......s@.##'##....###
......r..†......###
#...#...........# ###
#############


You could see a scorpion and a rat.

Vanquished Creatures
  2 adders
  A worm (D:3)
  2 dart slugs (D:2)
  2 leopard geckos
  An orc (D:3)
  4 bats
  3 giant cockroaches
  6 goblins
  4 hobgoblins
  4 jackals (D:3)
  A quokka (D:3)
  A ball python (D:1)
  2 frilled lizards (D:2)
  5 kobolds
  6 rats
44 creatures vanquished.

Notes
Turn   | Place    | Note
-------+----------+-------------------------------------------
     0 | D:1      | JeffiDaFish the Gargoyle Fighter began the quest for the Orb.
     0 | D:1      | Reached XP level 1. HP: 14/14 MP: 1/1
   122 | D:1      | Reached XP level 2. HP: 13/19 MP: 2/2
   640 | D:2      | Found a white marble altar of Elyvilon.
   707 | D:2      | Reached XP level 3. HP: 23/23 MP: 3/3
  1418 | D:3      | Reached skill level 4 in Armour
  1418 | D:3      | Reached XP level 4. HP: 20/28 MP: 4/4
  1473 | D:3      | Slain by a scorpion

Vault maps used:
D:1:      saegor_arrival_simple_f
D:2:      marbit_many_paths, first_bread
D:3:      portal_sewer_entry_b, minmay_divided_ellipse

Skill      XL: |  1  2  3 |
---------------+----------+-----
Short Blades   | 2 |  2.6
Armour         | 4 |  4.0
Fighting       | |  3.5
Dodging        | |  0.5
Shields        | |  3.9

Action                   |  1- 3 |  4- 6 || total
-------------------------+-------+-------++-------
Melee: Rapier            |   139 |    30 ||   169
  Use: Scroll            |     6 |     1 ||     7
       Potion            |     4 |       ||     4
  Eat: Chunk             |     2 |       ||     2
Armor: Scale mail        |    73 |    16 ||    89
Dodge: Dodged            |    46 |    13 ||    59
Block: Shield            |    74 |    10 ||    84
